 Dungeon Crawl Stone Soup version 0.31-a0-246-g8cbcc1cb85 (webtiles) character file.

Game seed: 12213145877437671001

95 qw the Shooter (level 4, -3/36 HPs)
             Began as a Minotaur Hexslinger on July 12, 2023.
             Killed from afar by Ijyb (8 damage)
             ... with a bolt of dispelling energy
             ... on level 4 of the Dungeon.
             The game lasted 00:00:57 (2116 turns).

qw the Shooter (Minotaur Hexslinger)                Turns: 2116, Time: 00:00:58

Health: -3/36      AC:  7    Str: 12    XL:     4   Next: 40%
Magic:  4/4        EV: 11    Int: 10    God:
Gold:   92         SH:  0    Dex: 15    Spells: 4/5 levels left

rFire   . . .        Y - +1 sling
rCold   . . .        (no shield)
rNeg    . . .        j - +0 ring mail
rPois   .            (helmet restricted)
rElec   .            a - +0 cloak
rCorr   .            i - +0 pair of gloves
SInv    .            (no boots)
Will    .....        g - amulet of the acrobat
Stlth   +            (no ring)
HPRegen 0.26/turn    (no ring)
MPRegen 0.09/turn

%: acrobat
@: no status effects
A: horns 2, retaliatory headbutt
a: no special abilities


You were on level 4 of the Dungeon.
You visited 1 branch of the dungeon, and saw 4 of its levels.

You collected 92 gold pieces.


Innate Abilities, Weirdness & Mutations

You have a pair of horns on your head.
You reflexively headbutt those who attack you in melee.


   Skills:
 - Level 2.0 Fighting
 - Level 4.9 Ranged Weapons
 + Level 0.5 Armour
 - Level 2.1 Dodging
 - Level 1.0 Spellcasting
 - Level 2.0 Hexes


You had 4 spell levels left.
You knew the following spells:

 Your Spells              Type           Power      Damage    Failure   Level
a - Slow                  Hex            16%        N/A       34%         1

Your spell library contained the following spells:

 Spells                   Type           Power      Damage    Failure   Level
 Inner Flame              Hex/Fire       2%         N/A       83%         3
 Portal Projectile        Hex/Tloc       4%         N/A       83%         3
 Cause Fear               Hex            2%         N/A       98%         4

Inventory:

Hand Weapons
 Y - a +1 sling (weapon)
Armour
 a - a +0 cloak (worn)
 i - a +0 pair of gloves (worn)
 j - a +0 ring mail (worn)
Jewellery
 g - an amulet of the acrobat (around neck)
Scrolls
 l - a scroll of identify
Potions
 b - a potion of degeneration {unknown}
 c - a potion of enlightenment {unknown}
 d - a potion of lignification {unknown}
 e - a potion of heal wounds {unknown}
 h - a potion of magic {unknown}
 k - a potion of might
 o - a potion of haste {unknown}

Dungeon Overview and Level Annotations

Branches:
Dungeon (4/15)
 Temple: D:4-7

Altars:
Fedhas

Annotations:
D:4 Ijyb


Message History

Ijyb drinks a potion.
Ijyb flickers and vanishes!
Deactivating autopickup; reactivate with Ctrl-A.
You see here an emerald potion.
Enter note: You shoot a sling bullet.
You shoot a sling bullet. You shoot a sling bullet.
You hear a zap.
A bolt of dispelling energy appears from out of thin air!
The bolt of dispelling energy misses you.
You shoot a sling bullet. You shoot a sling bullet.
You hear a zap.
A bolt of dispelling energy appears from out of thin air!
The bolt of dispelling energy misses you.
You shoot a sling bullet. You shoot a sling bullet.
Something hits you but does no damage.
You shoot a sling bullet.
Something hits you but does no damage. x2
You shoot a sling bullet. Something hits you but does no damage.
You shoot a sling bullet. Something hits you.
You shoot a sling bullet. Something hits you but does no damage.
You shoot a sling bullet.
You hear a zap.
A bolt of dispelling energy appears from out of thin air!
The bolt of dispelling energy hits you. Something hits you.
You shoot a sling bullet.
You hear a zap.
A bolt of dispelling energy appears from out of thin air!
The bolt of dispelling energy hits you!!
Ouch! That really hurt!
You shoot a sling bullet.
You hear a zap.
A bolt of dispelling energy appears from out of thin air!
The bolt of dispelling energy hits you!
You die...

#...........
#...........
####...........
..............
>.........>.#
............#####
........{........
.......@.........
.................
...........#####
...........#
##########.# #.#
#.# ### #.#
+..####.####


There were no monsters in sight!

Vanquished Creatures
  2 adders
  An ufetubus (D:4)
  A worm (D:3)
  2 dart slugs
  4 ball pythons
  4 endoplasms
  5 giant cockroaches
  7 hobgoblins
  3 jackals (D:1)
  2 quokkas
  7 bats
  A frilled lizard (D:2)
  6 goblins
  9 kobolds (D:2)
  11 rats
65 creatures vanquished.

Notes
Turn   | Place    | Note
-------+----------+-------------------------------------------
     0 | D:1      | qw the Minotaur Hexslinger began the quest for the Orb.
     0 | D:1      | Reached XP level 1. HP: 16/16 MP: 1/1
     0 | D:1      | 0 ||| qw: Version: 0.3-a-52-g30416fa
     0 | D:1      | 0 ||| qw: Game counter: 6367
     0 | D:1      | 0 ||| qw: Melee chars always use a shield: true
     0 | D:1      | 0 ||| qw: God list: Okawaru
     0 | D:1      | 0 ||| qw: Allow faded altars: false
     0 | D:1      | 0 ||| qw: Do Orc after clearing Dungeon:15 true
     0 | D:1      | 0 ||| qw: Do second Lair branch before Depths: true
     0 | D:1      | 0 ||| qw: Lair rune preference: random
     0 | D:1      | 0 ||| qw: Goals: Normal
     0 | D:1      | 0 ||| PLANNING D:1-11
   103 | D:1      | Reached skill level 3 in Ranged Weapons
   108 | D:1      | Reached XP level 2. HP: 23/23 MP: 2/2
   267 | D:1      | Found a faded altar of an unknown god.
   598 | D:1      | 598 ||| FLEEEEING.
   599 | D:1      | 599 ||| FLEEEEING.
   600 | D:1      | 600 ||| FLEEEEING.
   601 | D:1      | 601 ||| FLEEEEING.
   602 | D:1      | 602 ||| FLEEEEING.
   603 | D:1      | 603 ||| FLEEEEING.
   709 | D:1      | Reached XP level 3. HP: 29/29 MP: 3/3
   796 | D:1      | 796 ||| UPGRADING to +0 pair of gloves.
   801 | D:1      | 801 ||| UPGRADING to amulet of the acrobat.
   806 | D:1      | 806 ||| READING 2 scrolls labelled CIATRABU XIROP.
   807 | D:1      | 807 ||| DRINKING 2 fizzy blue potions.
   808 | D:1      | 808 ||| DROPPING scroll of vulnerability.
   809 | D:1      | 809 ||| DROPPING scroll of poison.
   810 | D:1      | 810 ||| DROPPING potion of brilliance.
  1084 | D:2      | Reached skill level 4 in Ranged Weapons
  1429 | D:2      | Reached XP level 4. HP: 24/36 MP: 4/4
  1568 | D:2      | 1568 ||| UPGRADING to +0 cloak.
  1573 | D:2      | 1573 ||| UPGRADING to +0 leather armour.
  1583 | D:2      | 1583 ||| DROPPING +0 robe.
  1584 | D:2      | 1584 ||| READING scroll labelled AHECOQ YLAOHA.
  1585 | D:2      | 1585 ||| READING scroll labelled HOWUJEE NUOG JOPS.
  1586 | D:2      | 1586 ||| READING scroll labelled JURENK KOTERAF.
  1587 | D:2      | 1587 ||| READING scroll labelled ZEELUE CIOPRI.
  1588 | D:2      | 1588 ||| DRINKING 2 silvery potions.
  1758 | D:3      | Found a blossoming altar of Fedhas.
  1976 | D:3      | 1976 ||| UPGRADING to +0 ring mail.
  1986 | D:3      | 1986 ||| DROPPING +0 leather armour.
  1987 | D:3      | 1987 ||| READING scroll labelled SEUTOQEKUFU.
  2102 | D:4      | Noticed Ijyb
  2115 | D:4      | HP: 5/36 [something/bolt of dispelling energy (22)]
  2116 | D:4      | Killed from afar by Ijyb

Levels and vault maps discovered:
D:1:      minmay_arrival_three_doors, layout_basic,
          ebering_ecumenical_altar_abandoned
D:2:      layout_loops_cross, minmay_goblin_kobold_house
D:3:      layout_rooms, lemuel_crystal_altar
D:4:      layout_basic, uniq_ijyb

Skill      XL: |  1  2  3 |
---------------+----------+-----
Ranged Weapons | 3 4 |  4.9
Fighting       | 2 |  2.0
Armour         | |  0.5
Dodging        | |  2.1
Spellcasting   | |  1.0
Hexes          | |  2.0

Action                     |  1- 3 |  4- 6 || total
---------------------------+-------+-------++-------
   Fire: Sling             |   136 |    73 ||   209
    Use: Scroll            |     1 |     5 ||     6
         Potion            |     1 |     1 ||     2
 Armour: Robe              |    11 |       ||    11
         Ring mail         |       |    12 ||    12
         Leather armour    |       |     9 ||     9
  Dodge: Dodged            |    46 |    32 ||    78

Table legend:
 A = Non-vault XP
 B = Vault XP
 C = Vault XP percentage of total XP
 D = Non-vault monster count
 E = Vault monster count
 F = Vault count percentage of total count
                 A         B        C        D         E       F
            +---------+---------+-------+---------+---------+-------
      Total |     132 |       5 |   3.6 |      60 |       5 |   7.7
            +---------+---------+-------+---------+---------+-------
        D:1 |      45 |       0 |   0.0 |      28 |       0 |   0.0
        D:2 |      50 |       5 |   9.1 |      23 |       5 |  17.9
        D:3 |      29 |       0 |   0.0 |       8 |       0 |   0.0
        D:4 |       8 |       0 |   0.0 |       1 |       0 |   0.0
            +---------+---------+-------+---------+---------+-------
